 Dungeon Crawl Stone Soup version 0.18.1-48-g4cf74bf (webtiles) character file.

5274 Joat the Fighter (level 10, -1/91 HPs)
             Began as a Mottled Draconian Monk on Sept 4, 2016.
             Was a Priest of Sif Muna.
             Killed from afar by Erica (17 damage)
             ... with a bolt of poison
             ... on level 8 of the Dungeon.
             The game lasted 00:42:21 (10433 turns).

Joat the Fighter (Mottled Draconian Monk)          Turns: 10433, Time: 00:42:21

Health: -1/91      AC: 10    Str: 16    XL:     10   Next: 36%
Magic:  3/17       EV: 17    Int: 13    God:    Sif Muna [***...]
Gold:   281        SH:  0    Dex: 16    Spells: 1 memorised, 14 levels left

rFire  . . .     SeeInvis .       - Unarmed
rCold  . . .     Gourm    .     (armour unavailable)
rNeg   . . .     Faith    +     (no shield)
rPois  .         Spirit   .     y - +2 hat
rElec  .         Dismiss  .     (no cloak)
rCorr  .         Reflect  .     (no gloves)
SustAt .         Harm     .     x - +0 pair of boots
MR     .....                    w - amulet of faith
Stlth  ++........               (no ring)
                                H - +2 ring of intelligence

@: lethally poisoned (-1 -> -8), short of breath, very slightly contaminated,
slowed, very slow, not resistant to hostile enchantments, unstealthy
A: breathe sticky flame splash, unfitting armour, strong 1, cold-blooded, AC +7
a: Breathe Sticky Flame, Channel Energy, Renounce Religion


You were on level 8 of the Dungeon.
You worshipped Sif Muna.
Sif Muna was most pleased with you.
You were hungry.

You visited 2 branches of the dungeon, and saw 9 of its levels.
You also visited: Ossuary.

You collected 281 gold pieces.

Inventory:

Armour
 v - a +0 large shield
 x - a +0 pair of boots (worn)
 y - a +2 hat (worn)
Jewellery
 e - a cursed amulet of inaccuracy {unknown}
 w - an amulet of faith (around neck)
 H - a +2 ring of intelligence (left hand)
Wands
 n - a wand of iceblast (7/15)
 p - a wand of flame (31/48)
 s - a wand of confusion (21/48)
Scrolls
 c - 2 scrolls of random uselessness
 g - 5 scrolls of teleportation
 j - 3 scrolls of recharging
 k - a scroll of enchant armour
 l - 8 scrolls of remove curse
 o - a scroll of fear
 u - a scroll of noise {unknown}
 A - a scroll of amnesia
 C - a scroll of enchant weapon
 E - 2 scrolls of blinking {unknown}
Potions
 b - 3 potions of invisibility
 d - a potion of lignification
 f - a potion of ambrosia
 h - 2 potions of flight
 r - a potion of heal wounds
 z - a potion of cancellation
 B - a potion of haste
Books
 q - a book of Annihilations

   Spells                             Type                      Level
   a - Poison Arrow                   Conjuration/Poison           6
   b - Chain Lightning                Conjuration/Air              8
   c - Lehudib's Crystal Spear        Conjuration/Earth            8
   d - Glaciate                       Conjuration/Ice              9
   e - Fire Storm                     Conjuration/Fire             9
 t - a book of Power

   Spells                             Type                      Level
   a - Fulminant Prism                Conjuration/Hexes            4
   b - Iskenderun's Mystic Blast      Conjuration                  4
   c - Venom Bolt                     Conjuration/Poison           5
   d - Bolt of Magma                  Conjuration/Fire/Earth       5
   e - Iron Shot                      Conjuration/Earth            6
   f - Orb of Destruction             Conjuration                  7
   g - Spellforged Servitor           Conjuration/Summoning        7
Comestibles
 a - 3 chunks of flesh
 i - 7 fruits
 D - a beef jerky
 F - a meat ration
 G - a bread ration


   Skills:
 + Level 9.0 Fighting
 + Level 7.6 Dodging
 - Level 1.7 Stealth
 + Level 9.0 Unarmed Combat
 + Level 4.6 Spellcasting
 + Level 5.2 Conjurations


You had 14 spell levels left.
You knew the following spells:

 Your Spells              Type           Power        Failure   Level  Hunger
z - Iskenderun's Mystic   Conj           ###.....     28%         4    ####...


Dungeon Overview and Level Annotations

Branches:
Dungeon (8/15)             Temple (1/1) D:4
   Lair: D:8-11

Altars:
Ashenzari
Cheibriados
Dithmenos
Elyvilon
Fedhas
Gozag
Kikubaaqudgha
Makhleb
Okawaru
Pakellas
Qazlal
Ru
Sif Muna
Trog
Vehumet
Xom
Yredelemnul
The Shining One

Shops:
D:4 [   D:5 (

Annotations:
D:4 appiemonkey's ghost, amateur SpAs
D:8 Erica


Innate Abilities, Weirdness & Mutations

You can spit globs of burning liquid.
You can ignite nearby creatures when you spit burning liquid.
Your weird mottled scales are hard (AC +7).
Your body does not fit into most forms of armour.
You are cold-blooded and may be slowed by cold attacks.
Your muscles are strong. (Str +2)


Message History

Press: ? - help, Shift-Dir - straight line You spit a glob of burning liquid.
The splash of liquid fire hits something.
Erica is covered in liquid flames!
You feel somewhat more hungry.
Erica burns! x2
Erica hits you with a scimitar of flaming!
Erica burns you!
* * * LOW HITPOINT WARNING * * *
Erica closely misses you.
Erica burns!
Erica burns! x2
You see here 2 arrows.
You punch something! You tail-slap something. Something hits you!
* * * LOW HITPOINT WARNING * * *
Something burns you.
* * * LOW HITPOINT WARNING * * *
You hear some strange, mumbled words.
A bolt of poison appears from out of thin air!
The bolt of poison hits you!
You are poisoned.
You die...

#####
#...##
#(#..#
#.##.#
#.##.#
#@##.#
#(##.##
#.##..#
#.###.#
#)# #.#
#.# #.#
#.#
#.##
#.#
#..#
#.#
##.#
######


There were no monsters in sight!

Vanquished Creatures
  Pikel (D:8)
  Prince Ribbit (D:7)
  Grinder (D:4)
  Sigmund (D:6)
  The ghost of Joat the Ruffian, an amateur DrMo (D:3)
  Eustachio (D:6)
  Menkaure (D:4)
  Edmund (D:6)
  2 ice beasts
  A black bear (D:6)
  3 necrophages
  6 ogres
  4 centaurs
  A crocodile (D:8)
  2 elf zombies (Ossuary)
  Blork the orc (D:6)
  3 giant frogs
  A water moccasin zombie (D:7)
  A gnoll sergeant (D:7)
  2 scorpions
  2 howler monkeys
  4 wights (D:7)
  2 crimson imps (D:6)
  3 giant frog zombies
  3 centaur zombies
  5 jellies
  3 hounds
  A giant frog skeleton (D:6)
  4 orc priests
  2 centaur skeletons
  8 orc wizards
  Ijyb (D:2)
  5 worker ants
  A big kobold zombie (Ossuary)
  A hound skeleton (D:6)
  A worker ant zombie (D:6)
  Robin (D:3)
  2 mummies (Ossuary)
  7 gnolls
  10 adders
  A shadow imp (D:5)
  2 oozes (D:1)
  4 adder zombies
  2 worms (D:2)
  8 giant geckos
  17 orcs
  12 bats
  7 giant cockroaches
  13 goblins
  10 hobgoblins
  15 jackals
  10 kobolds
  A quokka (D:8)
  4 ball pythons
  A ball python skeleton (D:4)
  A giant gecko skeleton (D:4)
  A giant gecko zombie (D:8)
  A giant newt (D:3)
  A goblin zombie (Ossuary)
  10 hobgoblin zombies (Ossuary)
  A jackal zombie (Ossuary)
  12 kobold zombies (Ossuary)
  5 orc zombies (Ossuary)
  6 rats
246 creatures vanquished.

Vanquished Creatures (others)
  2 slaves (D:8)
  A gnoll (D:8)
  5 toadstools (D:1)
8 creatures vanquished.

Grand Total: 254 creatures vanquished

Notes
Turn   | Place    | Note
--------------------------------------------------------------
     0 | D:1      | Joat the Draconian Monk began the quest for the Orb.
     0 | D:1      | Reached XP level 1. HP: 19/19 MP: 1/1
    77 | D:1      | Reached XP level 2. HP: 21/26 MP: 2/2
   460 | D:1      | Reached XP level 3. HP: 24/31 MP: 3/3
  1063 | D:2      | Found a bloodstained altar of Trog.
  1148 | D:2      | Reached XP level 4. HP: 40/40 MP: 4/4
  1964 | D:3      | Noticed Ijyb
  1968 | D:3      | Noticed Joat's ghost (amateur DrMo)
  1974 | D:3      | Noticed Robin
  2000 | D:2      | Killed Ijyb
  2000 | D:2      | Reached XP level 5. HP: 18/47 MP: 5/5
  2260 | D:3      | Reached skill level 5 in Unarmed Combat
  2629 | D:3      | Killed Robin
  3430 | D:3      | Killed Joat's ghost
  3430 | D:3      | Reached skill level 5 in Fighting
  3430 | D:3      | Reached XP level 6. HP: 28/56 MP: 6/6
  3875 | D:4      | Noticed Menkaure
  3931 | D:4      | Killed Menkaure
  4204 | D:4      | Found Qotoefuys's Armour Shoppe.
  4240 | D:4      | Found an iron altar of Okawaru.
  4302 | D:4      | Found a glowing golden altar of the Shining One.
  4312 | D:4      | Noticed Grinder
  4322 | D:4      | Killed Grinder
  4322 | D:4      | Reached skill level 5 in Dodging
  4322 | D:4      | Your scales start taking on a weird mottled colour.
  4322 | D:4      | Reached XP level 7. HP: 19/62 MP: 7/7
  4389 | D:4      | Noticed appiemonkey's ghost (amateur SpAs)
  4849 | D:4      | Found a staircase to the Ecumenical Temple.
  4858 | Temple   | Entered the Ecumenical Temple
  4887 | Temple   | Became a worshipper of Sif Muna the Loreminder
  4887 | Temple   | Reached * piety under Sif Muna
  4887 | Temple   | Reached ** piety under Sif Muna
  5428 | D:5      | Entered Level 5 of the Dungeon
  5448 | D:5      | Reached skill level 1 in Spellcasting
  5531 | D:5      | Found Dusenoe's Antique Weapon Shoppe.
  5629 | D:5      | Found a sacrificial altar of Ru.
  5839 | D:5      | Found a shattered altar of Ashenzari.
  5936 | D:5      | Found a stormy altar of Qazlal.
  5990 | D:5      | Reached XP level 8. HP: 67/70 MP: 10/10
  6060 | D:5      | Learned a level 4 spell: Iskenderun's Mystic Blast
  6253 | D:5      | Reached skill level 1 in Conjurations
  6316 | D:6      | Noticed Blork the orc
  6339 | D:6      | Found an opulent altar of Gozag.
  6363 | D:6      | Found a sand-covered staircase.
  6368 | Ossuary  | Entered an ossuary
  7238 | D:6      | Killed Blork the orc
  7614 | D:6      | Reached XP level 9. HP: 53/79 MP: 12/12
  7755 | D:6      | Noticed Eustachio
  7796 | D:6      | Noticed Sigmund
  8138 | D:6      | Noticed Edmund
  8151 | D:6      | Killed Edmund
  8236 | D:6      | Killed Eustachio
  8248 | D:6      | Killed Sigmund
  8484 | D:6      | Reached *** piety under Sif Muna
  8683 | D:7      | Found a shimmering altar of Xom.
  8850 | D:7      | HP: 2/78 [gnoll/halberd (9)]
  9239 | D:7      | Noticed Prince Ribbit
  9250 | D:7      | Killed Prince Ribbit
  9444 | D:7      | Gained mutation: Your muscles are strong. (Str +2) [potion of beneficial mutation]
  9484 | D:7      | Reached XP level 10. HP: 86/90 MP: 15/15
 10079 | D:8      | Found a snail-covered altar of Cheibriados.
 10236 | D:8      | Reached skill level 5 in Conjurations
 10246 | D:8      | Noticed Pikel
 10277 | D:8      | Killed Pikel
 10351 | D:8      | Found a burning altar of Makhleb.
 10410 | D:8      | Noticed Erica
 10433 | D:8      | Killed from afar by Erica

Skill      XL: |  1  2  3  4  5  6  7  8  9 10 |
---------------+-------------------------------+-----
Dodging        | 3 4 5 6 7 |  7.6
Fighting       | 4 5 6 7 8 9 |  9.0
Unarmed Combat | 5 6 7 8 9 |  9.0
Spellcasting   | 1 2 3 4 |  4.6
Conjurations   | 2 4 5 |  5.2
Stealth        | |  1.7

Action                   |  1- 3 |  4- 6 |  7- 9 | 10-12 || total
-------------------------+-------+-------+-------+-------++-------
Melee: Unarmed           |   123 |   249 |   541 |   121 ||  1034
       Tailslap          |    12 |    32 |    87 |    21 ||   152
       Punch             |     1 |     1 |    20 |     7 ||    29
 Cast: Iskenderun's Myst |       |       |       |     3 ||     3
 Abil: Breathe Sticky Fl |       |       |    29 |     7 ||    36
  Use: Potion            |       |     1 |     6 |     1 ||     8
       Scroll            |       |       |    16 |       ||    16
 Stab: Sleeping          |     7 |     4 |     5 |     3 ||    19
       Invisible         |       |     6 |       |       ||     6
       Distracted        |       |       |     2 |       ||     2
  Eat: Chunk             |     1 |     5 |     8 |     5 ||    19
       Meat ration       |       |     1 |     2 |       ||     3
       Bread ration      |       |       |     1 |       ||     1
Armor: Skin              |    47 |    34 |   172 |    32 ||   285
Dodge: Dodged            |    98 |   144 |   444 |    81 ||   767
